 Dungeon Crawl Stone Soup version 0.30.1-11-g7821555f0a (webtiles) character file.

Game seed: 13476737437723232995

4679 Dirkles the Basher (level 10, -4/77 HPs)
             Began as a Human Berserker on Jan 4, 2024.
             Was a Priest of Trog.
             Slain by a troll (5 damage)
             ... on level 10 of the Dungeon.
             The game lasted 00:40:53 (9718 turns).

Dirkles the Basher (Human Berserker)                Turns: 9718, Time: 00:40:54

Health: -4/77      AC: 18    Str: 23    XL:     10   Next: 72%
Magic:  10/10      EV:  7    Int:  7    God:    Trog [***...]
Gold:   553        SH:  0    Dex: 12    Spells: 9/9 levels left

rFire   . . .        z - +2 spear (flame)
rCold   . . .        (no shield)
rNeg    . . .        q - +0 plate armour
rPois   .            r - +1 helmet
rElec   .            (no cloak)
rCorr   .            G - +0 pair of gloves
SInv    .            K - +0 pair of boots
Will    ++...        O - amulet of regeneration Stlth
                     (no ring)
HPRegen 2.12/turn    (no ring)
MPRegen 0.12/turn

%: no passive effects
@: strong-willed, regenerating
A: no striking features
a: Renounce Religion, Berserk, Trog's Hand


You were on level 10 of the Dungeon.
You worshipped Trog.
Trog was most pleased with you.
You visited 1 branch of the dungeon, and saw 10 of its levels.

You collected 553 gold pieces.

Inventory:

Hand Weapons
 p - a +2 dagger of speed
 y - a +1 whip of venom
 z - a +2 spear of flaming (weapon)
 I - a +0 whip of freezing
 L - a +2 flail of holy wrath
 S - a +1 heavy trident
Missiles
 g - 18 poisoned darts
 n - a curare-tipped dart
 C - a silver boomerang (quivered)
Armour
 h - a +1 helmet of intelligence
 q - a +0 plate armour (worn)
 r - a +1 helmet (worn)
 G - a +0 pair of gloves (worn)
 K - a +0 pair of boots (worn)
 R - an orb of mayhem
Jewellery
 a - a ring of flight
 d - an amulet of faith
 E - a ring of ice
 H - an amulet of reflection
 O - an amulet of regeneration (around neck)
Wands
 o - a wand of flame (10)
 M - a wand of mindburst (16)
 Q - a wand of acid (11)
 T - a wand of roots (6)
Scrolls
 b - 2 scrolls of enchant armour {unknown}
 c - 2 scrolls of fear {unknown}
 e - 4 scrolls of magic mapping {unknown}
 k - a scroll of vulnerability {unknown}
 l - 3 scrolls of butterflies {unknown}
 s - 2 scrolls of torment {unknown}
 v - a scroll of teleportation {unknown}
 w - 4 scrolls of blinking {unknown}
 x - 9 scrolls of identify {unknown}
 A - a scroll of immolation {unknown}
 B - 3 scrolls of poison {unknown}
 D - a scroll of enchant weapon {unknown}
 P - a scroll of fog {unknown}
Potions
 f - a potion of magic {unknown}
 i - 2 potions of mutation {unknown}
 j - a potion of attraction {unknown}
 m - 3 potions of haste {unknown}
 t - 5 potions of curing {unknown}
 u - 3 potions of invisibility {unknown}
 F - a potion of lignification {unknown}
 J - 3 potions of heal wounds {unknown}
 N - a potion of brilliance {unknown}


   Skills:
 + Level 6.4 Fighting
 - Level 4.3 Short Blades
 - Level 3.3(6.6) Axes
 * Level 8.8(9.1) Maces & Flails
 + Level 1.8(2.8) Polearms
 + Level 3.9 Throwing
 + Level 7.6 Armour
 + Level 2.6 Dodging
 + Level 1.0 Stealth
 + Level 3.1 Shields


You had 9 spell levels left.
You didn't know any spells.
Your spell library contained the following spells:

 Spells                   Type           Power      Damage    Failure   Level
 Sandblast                Erth           0%         2d4       100%        1
 Summon Small Mammal      Summ           0%         N/A       100%        1
 Ensorcelled Hibernation  Hex/Ice        0%         N/A       100%        2
 Passwall                 Tmut/Erth      0%         N/A       100%        2
 Call Canine Familiar     Summ           0%         N/A       100%        3
 Portal Projectile        Hex/Tloc       0%         N/A       100%        3
 Stone Arrow              Conj/Erth      0%         3d7       100%        3
 Summon Guardian Golem    Hex/Summ       0%         N/A       100%        3
 Swiftness                Air            0%         N/A       100%        3
 Leda's Liquefaction      Hex/Erth       0%         N/A       100%        4
 Borgnjor's Revivificati  Necr           0%         N/A       100%        8
 Necromutation            Tmut/Necr      0%         N/A       100%        8
 Death's Door             Necr           0%         N/A       100%        9


Dungeon Overview and Level Annotations

Branches:
Dungeon (10/15)            Temple (0/1) D:7
   Lair: D:8-11         Orc: D:9-12

Altars:
Ashenzari
Elyvilon
Kikubaaqudgha
Makhleb
Okawaru
Sif Muna
Trog
Wu Jian
Xom
Yredelemnul

Shops:
D:5 (

Annotations:
D:9 2 runed translucent doors, middlethird's ghost, novice VSTm


Message History

You throw a silver boomerang. The silver boomerang hits the troll.
The troll is severely wounded.
The troll bites you.
The troll claws you but does no damage. x2
You throw a silver boomerang. The silver boomerang hits the troll.
The troll is severely wounded.
The troll bites you! The troll claws you but does no damage.
The troll completely misses you.
The orc warrior complains loudly, as Orcs often do.
The orc priest mumbles some strange prayers to Beogh against you.
Beogh smites you!
You completely miss the troll.
The troll is severely wounded.
The troll bites you! The troll barely misses you. x2
You barely miss the troll.
The troll is severely wounded.
The troll bites you but does no damage. The troll claws you!
The troll claws you but does no damage.
An orc comes into view. It is wielding a +0 hand axe.
The troll bites you but does no damage.
The troll claws you but does no damage. x2
The troll attacks as you move away! The troll completely misses you.
The troll claws you!
* * * LOW HITPOINT WARNING * * *
The troll claws you but does no damage.
You barely miss the troll.
The troll is heavily wounded.
The troll bites you but does no damage. The troll barely misses you.
The troll claws you.
* * * LOW HITPOINT WARNING * * *
You hit the troll. You burn the troll.
The troll is severely wounded.
The troll bites you.
* * * LOW HITPOINT WARNING * * *
The troll claws you but does no damage. The troll claws you.
* * * LOW HITPOINT WARNING * * *
Your skin crawls.
You feel strong-willed. The troll bites you!
* * * LOW HITPOINT WARNING * * *
The troll claws you.
You die...

.. .....# .).##≈≈o.#
.o#.≈≈..#
##############oo≈≈..
≈≈≈≈≈≈≈≈≈≈≈≈≈≈≈≈8≈o.
≈≈≈≈≈≈≈≈≈≈≈≈≈≈≈≈≈8.#
...................#
####.......# ###o# #
#.#####.# #@To# #.~#
#.# ##'####### #.~##
#.# #.......<. #~~~#
#.####.........
##~~###.##.'.........
##~~##.##.#.........
#~~##....#.########
##~#....##.#
#~####~##..


You could see a troll, an orc warrior and an orc.

Vanquished Creatures
  Maurice (D:9)
  A troll (D:9)
  A wyvern (D:9)
  3 vampire mosquitoes (D:7)
  Edmund (D:5)
  3 water moccasins
  A sky beast (D:5)
  A black bear (D:7)
  2 ice beasts
  9 centaurs
  2 ogres (D:6)
  4 phantoms
  A kobold brigand (D:9)
  4 bullfrogs
  2 scorpions
  2 gnoll sergeants
  A howler monkey (D:5)
  An electric eel (D:10)
  3 hounds
  4 orc priests
  A gnoll bouda (D:8)
  2 jellies
  2 sleepcaps
  3 iguanas
  6 orc wizards
  18 gnolls
  8 adders
  A white imp (D:7)
  An ufetubus (D:5)
  A worm (D:3)
  2 dart slugs (D:4)
  22 orcs
  4 bats
  A bat zombie (D:9)
  4 endoplasms
  4 giant cockroaches
  7 hobgoblins
  4 jackals
  A quokka (D:1)
  6 ball pythons
  2 frilled lizards
  5 goblins
  11 kobolds
  4 rats
167 creatures vanquished.

Notes
Turn   | Place    | Note
-------+----------+-------------------------------------------
     0 | D:1      | Dirkles the Human Berserker began the quest for the Orb.
     0 | D:1      | Reached XP level 1. HP: 18/18 MP: 1/1
   130 | D:1      | Reached XP level 2. HP: 23/24 MP: 2/2
   868 | D:2      | Reached XP level 3. HP: 29/29 MP: 3/3
  1056 | D:2      | Reached ** piety under Trog
  1138 | D:2      | Reached skill level 1 in Short Blades
  1138 | D:2      | Reached XP level 4. HP: 36/37 MP: 4/4
  1531 | D:2      | Reached XP level 5. HP: 32/42 MP: 5/5
  2423 | D:4      | Noticed a phantom
  2453 | D:4      | Killed a phantom
  2454 | D:4      | Reached XP level 6. HP: 32/48 MP: 6/6
  3457 | D:5      | Entered Level 5 of the Dungeon
  3624 | D:5      | Noticed Edmund
  3647 | D:5      | Killed Edmund
  3648 | D:5      | Reached skill level 1 in Maces & Flails
  3648 | D:5      | Reached skill level 1 in Stealth
  3648 | D:5      | Reached XP level 7. HP: 45/54 MP: 7/7
  3720 | D:5      | Found an ornate altar of the Wu Jian Council.
  3825 | D:5      | Reached skill level 2 in Maces & Flails
  3882 | D:5      | Found a shimmering altar of Xom.
  4034 | D:5      | Reached skill level 3 in Maces & Flails
  4034 | D:5      | Reached XP level 8. HP: 38/61 MP: 8/8
  4059 | D:5      | Reached skill level 1 in Shields
  4197 | D:5      | Reached skill level 4 in Maces & Flails
  4729 | D:5      | Found Qun Zita's Antique Weapon Emporium.
  5171 | D:6      | Reached skill level 5 in Maces & Flails
  5218 | D:6      | Reached skill level 5 in Armour
  5535 | D:6      | HP: 3/61 [ogre/+0 giant club (24)]
  5739 | D:6      | Reached XP level 9. HP: 61/67 MP: 9/9
  5740 | D:6      | Reached skill level 6 in Maces & Flails
  5740 | D:6      | Reached skill level 1 in Throwing
  5749 | D:6      | Reached skill level 5 in Fighting
  6385 | D:6      | Found a burning altar of Makhleb.
  6411 | D:6      | Reached *** piety under Trog
  6417 | D:6      | Found a broken altar of Ashenzari.
  6957 | D:7      | Reached skill level 7 in Maces & Flails
  7459 | D:7      | HP: 5/102 [vampire mosquito (9)]
  7691 | D:7      | Found a shimmering blue altar of Sif Muna.
  7869 | D:7      | Reached XP level 10. HP: 51/74 MP: 10/10
  8023 | D:7      | Found a staircase to the Ecumenical Temple.
  8057 | D:7      | Reached skill level 8 in Maces & Flails
  8075 | D:7      | Found a bloodstained altar of Trog.
  8089 | D:7      | Identified the +1 scale mail of Amyl Tyo {rF+ Str+3 Slay-2}
  8649 | D:8      | Found a white marble altar of Elyvilon.
  8689 | D:9      | Found a runed translucent door.
  8689 | D:9      | Found a shimmering altar of Xom.
  8689 | D:9      | Noticed middlethird's ghost (novice VSTm)
  8690 | D:9      | Noticed a +2 quarterstaff of chaos
  8705 | D:9      | Found an iron altar of Okawaru.
  8781 | D:9      | Noticed a brown ugly thing
  8781 | D:9      | Found a runed translucent door.
  8783 | D:9      | Noticed Maurice
  8788 | D:9      | Found a basalt altar of Yredelemnul.
  9000 | D:9      | Found an ancient bone altar of Kikubaaqudgha.
  9155 | D:9      | Killed Maurice
  9156 | D:9      | Reached skill level 1 in Polearms
  9547 | D:10     | Entered Level 10 of the Dungeon
  9718 | D:10     | HP: 1/77 [troll (11)]
  9718 | D:10     | Slain by a troll

Illustrated notes

Levels and vault maps discovered:
D:1:      saegor_arrival_simple_a, layout_basic, minmay_door_square,
          chequers_serial_rivers_small_3
D:2:      layout_basic
D:3:      minmay_general_purpose_star, layout_rooms, nicolae_hexahallways,
          corner_web_ring, chequers_serial_rivers_marsh
D:4:      layout_loops_ring, hangedman_decor_push, kennysheep_generic_room_6
D:5:      layout_basic, xom_teletrap_fun, mainiacjoe_overflow_paths,
          serial_shops, shop_statue, uniq_edmund
D:6:      layout_basic, minitemple, reono_crystal_passage, minivault_14,
          centaur_isle
D:7:      layout_loops_corners, lemuel_doored_altar, lemuel_crystal_altar,
          minmay_temple_entry_poolview
D:8:      layout_rooms, lemuel_tele_altar
D:9:      layout_irregular_city, amcnicky_altar_gilded, old_standard_altar,
          lemuel_zombie_altar_kikubaaqudgha, ebering_ghost_xom, serial_glass,
          glass_columns_c, glass_columns_c, glass_columns_b, glass_columns_c,
          glass_columns_b, glass_columns_c, glass_columns_c, glass_columns_b,
          glass_columns_a, glass_columns_c, glass_columns_c, glass_columns_c,
          glass_columns_a, glass_columns_a, minmay_st_funbox, uniq_maurice
D:10:     layout_roguey, lemuel_round_altar, erik_orc_2, serial_ice,
          serial_ice_o, serial_ice_c, serial_ice_k, serial_ice_e,
          hangedman_abyss_or_decor_passed, chequers_serial_rivers_large_b,
          hangedman_decor_slide_cut, uniq_erica

Skill      XL: |  1  2  3  4  5  6  7  8  9 10 |
---------------+-------------------------------+-----
Short Blades   | 1 2 3 4 |  4.3
Fighting       | 4 5 6 |  6.4
Armour         | 3 4 5 6 7 |  7.6
Maces & Flails | 1 3 5 7 8 |  8.8
Stealth        | 1 |  1.0
Shields        | 1 3 |  3.1
Throwing       | 2 3 |  3.9
Polearms       | 1 |  1.8
Axes           | |  3.3
Dodging        | |  2.6

Action                     |  1- 3 |  4- 6 |  7- 9 | 10-12 || total
---------------------------+-------+-------+-------+-------++-------
  Melee: Hand axe          |    45 |       |       |       ||    45
         Dagger            |    58 |   225 |       |       ||   283
         Punch             |     1 |     1 |     5 |     5 ||    12
         Whip              |       |    49 |   375 |   170 ||   594
         Flail             |       |       |    17 |     2 ||    19
         Spear             |       |       |       |    87 ||    87
  Throw: Javelin           |       |     1 |    10 |       ||    11
         Dart              |       |       |    20 |       ||    20
         Boomerang         |       |       |       |   107 ||   107
 Invoke: Berserk           |       |     1 |     2 |     1 ||     4
         Trog's Hand       |       |       |     2 |     1 ||     3
  Evoke: Wand              |       |       |    12 |     3 ||    15
 Armour: Animal skin       |     7 |       |       |       ||     7
         Plate armour      |    18 |    99 |   217 |   201 ||   535
  Dodge: Dodged            |    42 |    52 |   112 |    79 ||   285
  Block: Other             |       |    18 |    80 |       ||    98
         Reflection        |       |       |     9 |       ||     9
